 Dungeon Crawl Stone Soup version 0.28-a0-834-g1a73be5ee4 (webtiles) character file.

Game seed: 8331900707321822171

104 bande the Skirmisher (level 4, -8/29 HPs)
             Began as a Gargoyle Fighter on Nov 12, 2021.
             Killed by divine providence
             ... invoked by an orc priest
              (17 damage)
             ... on level 3 of the Dungeon.
             The game lasted 00:03:31 (3307 turns).

bande the Skirmisher (Gargoyle Fighter)             Turns: 3307, Time: 00:03:32

Health: -8/29      AC: 16    Str: 20    XL:     4   Next: 80%
Magic:  4/4        EV: 11    Int: 15    God:
Gold:   96         SH:  4    Dex:  9    Spells: 3/3 levels left

rFire   . . .      SeeInvis .   a - +0 war axe
rCold   . . .      Faith    .   c - +0 buckler
rNeg    + . .      Spirit   .   j - +0 chain mail
rPois   ∞          Reflect  .   h - +2 helmet
rElec   +          Harm     .   (no cloak)
rCorr   .          Rampage  .   (no gloves)
Will    .....                   (no boots)
Stlth   ..........              (no amulet)
HPRegen 0.09/turn               n - +4 ring of evasion
MPRegen 0.09/turn               r - +6 ring of intelligence

@: no status effects
A: sickness immunity, AC +3, negative energy resistance 1, electricity
resistance, torment resistance 1, petrification resistance
a: no special abilities


You were on level 3 of the Dungeon.
You visited 1 branch of the dungeon, and saw 3 of its levels.

You collected 96 gold pieces.

Inventory:

Hand Weapons
 a - a +0 war axe (weapon)
Armour
 c - a +0 buckler (worn)
 h - a +2 helmet (worn)
 j - a +0 chain mail (worn)
Jewellery
 n - a +4 ring of evasion (left hand)
 r - a +6 ring of intelligence (right hand)
Scrolls
 f - a scroll of fog
 o - 2 scrolls of vulnerability
 p - a scroll of teleportation
 q - a scroll of magic mapping {unknown}
Potions
 b - a potion of heal wounds {unknown}
 d - a potion of might
 e - 2 potions of lignification {unknown}
 g - a potion of degeneration {unknown}
 i - a potion of flight {unknown}
 k - 3 potions of curing {unknown}
 l - a potion of haste {unknown}
 m - a potion of brilliance {unknown}


   Skills:
 + Level 4.0 Fighting
 + Level 3.2 Axes
 * Level 3.8 Armour
 + Level 3.7 Shields


You had 3 spell levels left.
You didn't know any spells.
Your spell library was empty.

Dungeon Overview and Level Annotations

Branches:
Dungeon (3/15)

Altars:


Innate Abilities, Weirdness & Mutations

You are immune to sickness and miasma.
Your stone body is resilient. (AC +3)
You are immune to poison.
You resist negative energy. (rN+)
You are resistant to electric shocks. (rElec)
You are resistant to unholy torment.
You are immune to petrification.


Message History

No target in view!
r - a +6 ring of intelligence You feel clever.
r - a +6 ring of intelligence (right hand)
You see here 12 stones.
An orc wizard comes into view. It is wielding a +0 dagger.
The orc wizard shouts!
The orc wizard gestures at you while chanting.
The puff of flame hits you but does no damage.
An orc wizard is nearby!
An orc comes into view. It is wielding a +0 mace.
The orc shouts!
The orc wizard points at you and mumbles some strange words.
You resist with some effort.
An orc comes into view. It is wielding a +0 hand axe.
The orc wizard points at you and mumbles some strange words.
The puff of flame hits you!
You closely miss the orc wizard.
A ball python comes into view.
The orc wizard hits you but does no damage.
An orc priest comes into view. It is wielding a +0 hand axe.
The ball python moves out of view.
The orc priest shouts!
You hit the orc wizard but do no damage.
You block the orc wizard's attack.
You closely miss the orc wizard.
The orc wizard hits you but does no damage.
You barely miss the orc wizard. You barely miss the orc.
The orc barely misses you.
The orc wizard hits you but does no damage.
The orc priest mumbles some strange prayers to Beogh against you.
Beogh smites you!
* * * LOW HITPOINT WARNING * * *
You block the orc's attack.
You closely miss the orc wizard. You barely miss the orc.
The orc wizard barely misses you.
The orc priest mumbles some strange prayers to Beogh against you.
Beogh smites you!
Ouch! That really hurt!
You die...

..# #.# #.#.#
#.#####.## #.#.#
......... #.#.# ..###
#.####.#.###
..#####.....(....#
.###.......#.#.#.# .#
#.......#.#.#.#
.###.......#.#.#.####
................@o..#
.###........#####o#.#
.# #........# o# # .#
#........# .# ##
########.# o# .# .#
.. ##


You could see an orc priest, an orc wizard and 2 orcs.

Vanquished Creatures
  An orc priest (D:3)
  An adder (D:2)
  2 worms (D:2)
  A dart slug (D:1)
  3 orcs (D:3)
  4 bats
  5 endoplasms
  3 giant cockroaches
  6 goblins
  4 hobgoblins
  3 jackals (D:1)
  3 kobolds
  4 ball pythons
  2 frilled lizards (D:1)
  10 rats
52 creatures vanquished.

Notes
Turn   | Place    | Note
-------+----------+-------------------------------------------
     0 | D:1      | bande the Gargoyle Fighter began the quest for the Orb.
     0 | D:1      | Reached XP level 1. HP: 14/14 MP: 1/1
   621 | D:1      | Reached XP level 2. HP: 19/19 MP: 2/2
  1148 | D:1      | Reached XP level 3. HP: 24/24 MP: 3/3
  1740 | D:1      | Found a faded altar of an unknown god.
  2819 | D:2      | Reached XP level 4. HP: 27/29 MP: 4/4
  2963 | D:3      | Reached skill level 4 in Fighting
  3307 | D:3      | Killed from afar by an orc priest

Illustrated notes

Levels and vault maps discovered:
D:1:      lightli_arrival_noodles, layout_loops_ring,
          shapermc_ecumenical_altar_petra
D:2:      layout_loops_ring, kennysheep_generic_room_12
D:3:      layout_loops_cross

Skill      XL: |  1  2  3  4 |
---------------+-------------+-----
Axes           | 2 3 |  3.2
Fighting       | 4 |  4.0
Armour         | |  3.8
Shields        | |  3.7

Action                   |  1- 3 |  4- 6 || total
-------------------------+-------+-------++-------
Melee: War axe           |   125 |    31 ||   156
  Use: Scroll            |     3 |     2 ||     5
Armor: Scale mail        |    16 |       ||    16
       Skin              |    25 |     2 ||    27
       Chain mail        |       |    15 ||    15
Dodge: Dodged            |    67 |    15 ||    82
Block: Buckler           |    36 |     6 ||    42

Table legend: (Time is in decaauts)
 A = Elapsed time spent in this place.
 B = Non-inter-level travel time spent in this place.
 C = Inter-level travel time spent in this place.
 D = Time resting spent in this place.
 E = Time spent auto-exploring this place.
 F = Levels seen in this place.
 G = Mean time per level.
                   A        B        C        D        E       F      G
               +--------+--------+--------+--------+--------+-----+--------+
         Total |   3366 |   3283 |     83 |   1266 |   1533 |   3 | 1122.0 |
       Dungeon |   3366 |   3283 |     83 |   1266 |   1533 |   3 | 1122.0 |
               +--------+--------+--------+--------+--------+-----+--------+

Top non-repeatable levels by time:
     D:1: 1888 daAuts
     D:2: 1113 daAuts
     D:3: 364 daAuts
